 Dungeon Crawl Stone Soup version 0.31-a0-981-geadf994542 (webtiles) character file.

Game seed: 9641540539758601896

64553 ytrimaz the Spry (level 15, -9/113 HPs)
             Began as an Octopode Shapeshifter on Nov 1, 2023.
             Was an Elder of Ashenzari.
             Mangled by a death yak (14 damage)
             ... while petrified by a catoblepas
             ... on level 3 of the Lair of Beasts.
             The game lasted 00:31:24 (26160 turns).

ytrimaz the Spry (Octopode Shapeshifter)           Turns: 26160, Time: 00:31:25

Health: -9/113     AC:  1    Str: 20    XL:     15   Next: 13%
Magic:  24/24      EV:  2    Int: 13    God:    Ashenzari [****..]
Gold:   1277       SH:  0    Dex: 20    Spells: 14/14 levels left

rFire   . .          .
                       - Unarmed
rCold   + . .        (shield currently unavailable)
rNeg    + + +        (helmet restricted)
rPois   ∞            q - amulet of the acrobat
rElec   +            d - ring of Star-Bound Wisdom {Str+6, Elem, Dev} (curse)
rCorr   .            e - ring of the Shattered Repose {rPois, Melee, Elem} (curse)
SInv    +            j - ring of the Omniscient God {rC+, Cun, Alch} (curse)
Will    ++...        p - ring "Stellar Mistrust" {Will+, Cun, Elem} (curse)
Stlth   +++          x - ring of the Revealing Omen {MP+9, Dev, Cun} (curse)
HPRegen 0.38/turn    a - ring "Share My the Doldrums" {EV+5, Self, Comp} (curse)
MPRegen 0.19/turn    i - ring of Ashenzari's Boredom {EV+5, Melee, Cun} (curse)
                     E - ring of the Thirteen Bounties {Drain Fly rElec Dex+2}

%: acrobat, clarity
@: flux-form, petrified, flying, glowing, studying Short Blades
A: glow, contaminating, almost no armour, amphibious, 8 rings, camouflage 1,
gelatinous body 1, (nimble swimmer 1), tentacles
a: Begin Untransformation, Renounce Religion, Curse Item, Shatter the Chains


You were on level 3 of the Lair of Beasts.
You worshipped Ashenzari.
Ashenzari was greatly pleased with you.
You were something dangerously unstable.
You visited 3 branches of the dungeon, and saw 20 of its levels.
You also visited: Ice Cave.

You collected 1823 gold pieces.
You spent 546 gold pieces at shops.


Innate Abilities, Weirdness & Mutations

You are something dangerously unstable.
You glow with magical radiation, making you easy to see and hit.
Foes you strike become dangerously contaminated with magical radiation.
You are immune to poison.
You are incapable of wielding weapons or throwing items.
You cannot wear most types of armour.
You are amphibious.
You can wear up to eight rings at the same time.
Your skin changes colour to match your surroundings (Stealth+).
Your rubbery body absorbs attacks. (AC +1, EV +1)
((You are camouflaged when in or above water. (Stealth+)))
You have tentacles for arms and can constrict up to eight enemies at once.


   Skills:
 + Level 12.5(14.2) Fighting
 + Level 15.1(19.4) Dodging
 - Level 11.7(16.0) Stealth
 + Level 12.4(15.0) Unarmed Combat
 + Level 10.6(13.3) Shapeshifting


You had 14 spell levels left.
You didn't know any spells.
Your spell library contained the following spells:

 Spells                   Type           Power      Damage    Failure   Level
 Lesser Beckoning         Tloc           0%         N/A       43%         2
 Ozocubu's Armour         Ice            1%         N/A       58%         3
 Inner Flame              Hex/Fire       0%         N/A       63%         3
 Gell's Gravitas          Tloc           0%         N/A       67%         3
 Teleport Other           Tloc           0%         N/A       67%         3
 Yara's Violent Unravell  Hex/Tmut       0%         3d3       100%        5
 Enfeeble                 Hex            0%         N/A       100%        7
 Ozocubu's Refrigeration  Ice            0%         4d7       100%        7

Inventory:

Missiles
 T - a throwing net
Jewellery
 a - the cursed ring "Share My the Doldrums" (on tentacle) {EV+5, Self, Comp}
   (You found it on level 6 of the Dungeon)

   [ring of evasion]

   EV+5:      It affects your evasion (+5).
   It has a curse which improves the following skills: Introspection: Fighting
   and Spellcasting.
   Companions: Summonings and Necromancy.
 d - the cursed ring of Star-Bound Wisdom (left tentacle) {Str+6, Elem, Dev}
   (You found it on level 1 of the Dungeon)

   [ring of strength]

   Str+6:     It affects your strength (+6).
   It has a curse which improves the following skills: Elements: Fire Magic, Ice
   Magic, Air Magic and Earth Magic.
   Devices:   Evocations and Shapeshifting.
 e - the cursed ring of the Shattered Repose (right tentacle) {rPois, Melee, Elem}
   (You found it on level 1 of the Dungeon)

   [ring of poison resistance]

   rPois:     It protects you from poison It has a curse which improves the
   following skills: Melee Combat: Short Blades, Long Blades, Axes, Maces &
   Flails, Polearms, Staves and Unarmed Combat.
   Elements:  Fire Magic, Ice Magic, Air Magic and Earth Magic.
 i - the cursed ring of Ashenzari's Boredom (on tentacle) {EV+5, Melee, Cun}
   (You found it on level 8 of the Dungeon)

   [ring of evasion]

   EV+5:      It affects your evasion (+5).
   It has a curse which improves the following skills: Melee Combat: Short
   Blades, Long Blades, Axes, Maces & Flails, Polearms, Staves and Unarmed
   Combat.
   Cunning:   Dodging and Stealth.
 j - the cursed ring of the Omniscient God (on tentacle) {rC+, Cun, Alch}
   (You found it on level 2 of the Dungeon)

   [ring of protection from cold]

   rC+:       It protects you from cold.
   It has a curse which improves the following skills: Cunning: Dodging and
   Stealth.
   Alchemy:   Poison Magic and Transmutations.
 p - the cursed ring "Stellar Mistrust" (on tentacle) {Will+, Cun, Elem}
   (You found it on level 4 of the Dungeon)

   [ring of willpower]

   Will+:     It increases your willpower.
   It has a curse which improves the following skills: Cunning: Dodging and
   Stealth.
   Elements:  Fire Magic, Ice Magic, Air Magic and Earth Magic.
 q - an amulet of the acrobat (around mantle)
   (You found it on level 4 of the Dungeon)
 x - the cursed ring of the Revealing Omen (on tentacle) {MP+9, Dev, Cun}
   (You found it on level 5 of the Dungeon)

   [ring of magical power]

   MP+9:      It affects your magic capacity (+9).
   It has a curse which improves the following skills: Devices: Evocations and
   Shapeshifting.
   Cunning:   Dodging and Stealth.
 E - the ring of the Thirteen Bounties (on tentacle) {Drain Fly rElec Dex+2}
   (You acquired it on level 3 of the Lair of Beasts)

   [ring of flight]

   Dex+2:     It affects your dexterity (+2).
   rElec:     It insulates you from electricity.
   Fly:       It grants you flight.
   Drain:     It drains your maximum health when unequipped.
 J - a +4 ring of protection
   (You found it on level 11 of the Dungeon)
 M - a +6 ring of intelligence
   (You found it on level 14 of the Dungeon)
 P - a ring of wizardry
   (You found it on level 2 of the Lair of Beasts)
 Q - a +5 ring of evasion
   (You found it on level 2 of the Lair of Beasts)
Talismans
 b - a beast talisman
 c - a flux talisman (active)
Wands
 A - a wand of flame (41) (quivered)
   (You found it on level 7 of the Dungeon)
 F - a wand of roots (8)
   (You found it on level 11 of the Dungeon)
 L - a wand of digging (12)
   (You found it on level 13 of the Dungeon)
 N - a wand of polymorph (4)
   (You found it on level 1 of the Lair of Beasts)
 O - a wand of acid (6)
   (You found it on level 1 of the Lair of Beasts)
 R - a wand of mindburst (3)
   (You found it on level 2 of the Lair of Beasts)
Scrolls
 f - 11 scrolls of identify
 k - 4 scrolls of enchant armour
 m - 2 scrolls of brand weapon
 n - 7 scrolls of noise
 t - a scroll of fog
 v - 4 scrolls of amnesia
 y - 4 scrolls of vulnerability
 C - 2 scrolls of poison
 H - 2 scrolls of immolation
 I - a scroll of revelation
Potions
 h - a potion of heal wounds
 l - a potion of magic
 o - 3 potions of attraction
 r - a potion of cancellation
 s - a potion of invisibility
 u - a potion of ambrosia
 w - 8 potions of might
 z - 2 potions of mutation
 B - 3 potions of curing
 D - 5 potions of lignification
 G - a potion of enlightenment
 K - 5 potions of brilliance

Dungeon Overview and Level Annotations

Branches:
Dungeon (15/15) Zot: 24345  Temple (0/1) D:7            Lair (3/5) D:11 Zot: 14797
 Shoals (0/4) Lair:3        Snake (0/4) Lair:3          Orc (2/2) D:9 Zot: 8934
    Elf (0/3) Orc:2        Vaults (0/5) D:14         Depths (0/4) D:15
  IceCv (visited)

Altars:
Ashenzari
Dithmenos
Elyvilon
Fedhas
Gozag
Hepliaklqana
Kikubaaqudgha
Makhleb
Nemelex Xobeh
Qazlal
Sif Muna
Trog
Uskayaw
Vehumet
Wu Jian
Xom

Shops:
D:1 [   D:3 =   Orc:1 ?!   Orc:2 :*[(

Portals:
Trove: D:10 (give 11 potions of heal wounds)

Annotations:
D:9 1 runed translucent door, 1 exclusion
D:14 Roxanne
D:15 exclusion: upstairs
Lair:2 2 transporters, dragonking145's ghost, journeyman GrFi
Lair:3 exclusion: oklob plant
Orc:2 Nessos

#.#....*,,,,,,,,,* *#......#*
..##...#.,,,,,*,**##.......#
.....#....*,,,*** #........##
....#+.#..,**** ##.........#
.......#.### #####.......$<.#
..#..#.+...###.##..#........#
..................#.#......#*
..P###...........###......##
..###P..........p#.{......P#
.## #...........#Y.YY.....##
.# #.............†Y....†.# .#
#............†.†≈~~nn.# .#
##††...........~~≈≈†§Y#
.#####.#......##.....~~...##
##...........####.........§#
..<......#.P#.##.###P#####.#
#..#####..#######* ### ###


You could see 4 death yaks and a necrophage (petrified).


Message History

Press: ? - help, Q - select action, (/) - cycle Shift-Dir - straight line, f/p - death yak
Aim: a death yak (severely wounded, inner flame, petrifying slowly, 100% to hit)
The puff of flame hits the death yak but does no damage.
The death yak stops moving altogether!
The death yak is engulfed in calcifying dust.
Aiming: Throw Flame
Press: ? - help, Q - select action, (/) - cycle Shift-Dir - straight line, f/p - death yak
Aim: a death yak (severely wounded, inner flame, petrified, 100% to hit)
The puff of flame hits the death yak but does no damage.
The necrophage's inner flame fades away.
The death yak is engulfed in calcifying dust.
Aiming: Throw Flame
Press: ? - help, Q - select action, (/) - cycle Shift-Dir - straight line, f/p - death yak
Aim: a death yak (severely wounded, inner flame, petrified, 100% to hit)
The puff of flame hits the death yak.
Flame seeps out of the death yak.
The death yak is engulfed in blazing flames.
Flame seeps out of the death yak.
The death yak is engulfed in calcifying dust. 😨 HP[+1]
Aiming: Throw Flame
Press: ? - help, Q - select action, (/) - cycle Shift-Dir - straight line, f/p - death yak
Aim: a death yak (flame, severely wounded, inner flame, petrified, 100% to hit)
The puff of flame hits the death yak but does no damage.
The death yak is engulfed in blazing flames.
Flame seeps out of the death yak.
The death yak is engulfed in calcifying dust.
The catoblepas breathes a plume of calcifying dust at you.
The blast of calcifying dust hits you!
* * * LOW HITPOINT WARNING * * *
😨 HP[-7]
You take 7 damage, and now have 37/113 hp.
Unknown command.
Aiming: Throw Flame
Press: ? - help, Q - select action, (/) - cycle Shift-Dir - straight line, f/p - death yak
Aim: a death yak (flame, almost dead, inner flame, petrified, 100% to hit)
Okay, then.
Unknown command.
Okay, then.
Unknown command.
Aiming: Throw Flame
Press: ? - help, Q - select action, (/) - cycle Shift-Dir - straight line, f/p - death yak
Aim: a death yak (flame, almost dead, inner flame, petrified, 100% to hit)
Okay, then.
The death yak is engulfed in blazing flames.
Flame seeps out of the death yak.
The catoblepas completely misses you. 😨 HP[+1]
Aiming: Throw Flame
Press: ? - help, Q - select action, (/) - cycle Shift-Dir - straight line, f/p - death yak
Aim: a death yak (almost dead, inner flame, petrified, 100% to hit)
The puff of flame hits the catoblepas.
The death yak's inner flame fades away.
The catoblepas breathes a plume of calcifying dust at you.
The blast of calcifying dust hits you!
* * * LOW HITPOINT WARNING * * *
😨 HP[-7]
You take 7 damage, and now have 31/113 hp.
Unknown command.
Blink to where?
Press: ? - help, Dir - move target, p - death yak
As you read the scroll of blinking, it crumbles to dust.
The death yak is no longer petrified.
Aiming: Throw Flame
Press: ? - help, Q - select action, (/) - cycle Shift-Dir - straight line, f - death yak
Aim: a death yak (almost dead, inner flame, 89% to hit)
The puff of flame hits the death yak.
Flame seeps out of the death yak.
The death yak's inner flame fades away.
The death yak is engulfed in blazing flames.
You kill the death yak! 😨 HP[+1] Unknown command.
The death yak is no longer petrified. x2
The catoblepas breathes a plume of calcifying dust at you.
The blast of calcifying dust hits the death yak!
The blast of calcifying dust hits you!
* * * LOW HITPOINT WARNING * * *
The death yak is engulfed in calcifying dust.
The death yak is moving more slowly. 😱 HP[-11]
You take 11 damage, and now have 21/113 hp.
The catoblepas breathes a plume of calcifying dust at you.
The blast of calcifying dust hits you.
* * * LOW HITPOINT WARNING * * *
😱 HP[-6]
You take 6 damage, and now have 15/113 hp.
You are engulfed in calcifying dust.
You are slowing down.
The death yak completely misses you. 😱 HP[+1]
The death yak is engulfed in calcifying dust.
The death yak is moving more slowly.
Your limbs are stiffening.
The death yak is engulfed in calcifying dust.
The death yak is moving more slowly.
You have turned to stone.
The death yak bellows!
The death yak completely misses you.
The death yak stops moving altogether!
The death yak gores you!!
* * * LOW HITPOINT WARNING * * *
The death yak is engulfed in calcifying dust.
The death yak gores you!!
You die...

Skill      XL: |  1  2  3  4  5  6  7  8  9 10 11 12 13 14 |
---------------+-------------------------------------------+-----
Dodging        | 3 4 5 6 8 9 11 12 13 15 | 15.1
Unarmed Combat | 4 5 6 8 9 10 12 | 12.4
Shapeshifting  | 4 5 6 7 9 10 | 10.6
Stealth        | 3 7 10 11 | 11.7
Fighting       | 3 6 8 10 12 | 12.5

Action                     |  1- 3 |  4- 6 |  7- 9 | 10-12 | 13-15 || total
---------------------------+-------+-------+-------+-------+-------++-------
  Melee: Unarmed           |    66 |    86 |   217 |   392 |   815 ||  1576
         Constrict         |    11 |    25 |    44 |    47 |   154 ||   281
         Tentacles         |     9 |    16 |    57 |   129 |   273 ||   484
         Punch             |     2 |     3 |     6 |     6 |       ||    17
 Invoke: Curse Item        |       |     1 |     3 |     1 |     2 ||     7
  Evoke: Wand              |       |     2 |       |    15 |    21 ||    38
    Use: Potion            |       |       |     6 |     3 |     3 ||    12
         Scroll            |       |       |       |     3 |    13 ||    16
   Stab: Sleeping          |     8 |    13 |     8 |    13 |    11 ||    53
         Distracted        |       |       |     1 |       |       ||     1
         Invisible         |       |       |       |    16 |       ||    16
 Armour: Skin              |    20 |    28 |    94 |    73 |   256 ||   471
  Dodge: Dodged            |    50 |    34 |   152 |   458 |  1197 ||  1891
   Form: Flux              |       |       |       |     1 |       ||     1

Levels and vault maps discovered:
D:1:      ebering_trefoil_twist, layout_loops_ring, serial_shops,
          nicolae_shop_tiny_waterfront, minmay_misc_feat_hallway,
          serial_park_tiny_1
D:2:      layout_basic, serial_shops, nicolae_shop_gibbet_a_chance, uniq_terence
D:3:      layout_loops_ring, nicolae_overflow_crystal_walls,
          nicolae_ashenzari_skybound, serial_shops, shop, hangedman_decor_push,
          uniq_jessica
D:4:      layout_loops_cross, chequers_temple_overflow_statue_of_worship,
          serial_glass, glass_columns_b, glass_columns_b, feat_on_display,
          nicolae_concentric_dashed_squares_wild,
          chequers_serial_rivers_small_a, uniq_natasha
D:5:      nicolae_cairo_tiling, layout_loops_ring,
          grunt_dithmenos_smoke_and_mirrors, st_stairs_8
D:6:      layout_basic, mainiacjoe_overflow_alcove_2, minmay_misc_feat_encased
D:7:      layout_loops_ring, nicolae_overflow_hidden_temple,
          grunt_nemelex_the_gamble, amethyst_overflow_temple_binary,
          minmay_temple_entry_statues_fountains
D:8:      layout_layer_cave, mainiacjoe_overflow_six_doors_small,
          elyvilon_altar_4, fedhas_ov_isle_minmay, general_overflow_altar
D:9:      cheibrodos_histonic, layout_grid_maze, orc_0_dummy
D:10:     layout_layer_cave, nicolae_trove_entry_diagonal, uniq_gastronok,
          uniq_grum, uniq_lodul
D:11:     kennysheep_blocky_hall, layout_basic, grunt_lair_entry_orc_guard_hut,
          portal_ice_cave_demonic_guard
D:12:     layout_stronghold
D:13:     layout_roguey
D:14:     minmay_connected_triangles_in_corner, layout_rooms,
          hellmonk_vaults_attempted_burglary, dreamdust_princess_corridor,
          reono_crystal_passage, uniq_rupert, uniq_roxanne, uniq_kirke
D:15:     hangedman_depths_entry_civil_slaughter, layout_loops_ring,
          chequers_serial_rivers_micro_d
Lair:1:   layout_chaotic_city, minivault_27, beast_lair_carwin_9,
          lemuel_fruit_tree, uniq_urug
Lair:2:   layout_cellular_growth, gammafunk_ghost_arena, grunt_megastairs_2
Lair:3:   layout_cave_pods, elwin_shoals_entry_stream,
          minmay_snake_entry_six_corridors, roderic_carrion_pond, minivault_11
Orc:1:    layout_diamond_mine, basic_altar, serial_shops, shop,
          guppyfry_orc_lava_fort
Orc:2:    st_orc_congregation, layout_caves, basic_altar, uniq_nessos

Notes
Turn   | Place    | Note
-------+----------+-------------------------------------------
     0 | D:1      | ytrimaz the Octopode Shapeshifter began the quest for the
                  | Orb.
     0 | D:1      | Reached XP level 1. HP: 13/13 MP: 1/1
     0 | D:1      | magus.rc [v1.9.6]
   142 | D:1      | Reached XP level 2. HP: 18/18 MP: 2/2
   360 | D:1      | Found Haecros's Antique Armour Shoppe.
   573 | D:1      | Reached XP level 3. HP: 21/23 MP: 3/3
  1090 | D:2      | Found Ciujipn's Distillery.
  1198 | D:2      | Noticed Terence
  1204 | D:2      | Killed Terence
  1205 | D:2      | Reached skill level 3 in Dodging
  1205 | D:2      | Reached XP level 4. HP: 28/28 MP: 4/4
  1472 | D:2      | magus.rc [v1.9.6]
  1559 | D:3      | Found Plog's Jewellery Shop.
  1611 | D:3      | Found a broken altar of Ashenzari.
  1761 | D:3      | Became a worshipper of Ashenzari the Shackled
  1857 | D:3      | Reached XP level 5. HP: 33/33 MP: 5/5
  1870 | D:3      | Reached skill level 4 in Unarmed Combat
  1962 | D:3      | Noticed Jessica
  1968 | D:3      | Killed Jessica
  1970 | D:3      | Reached skill level 4 in Shapeshifting
  2081 | D:3      | Found an ancient bone altar of Kikubaaqudgha.
  2436 | D:4      | Noticed Natasha
  2446 | D:4      | Killed Natasha
  2447 | D:4      | Reached XP level 6. HP: 22/38 MP: 6/6
  2806 | D:4      | Reached skill level 4 in Dodging
  2824 | D:4      | Found a bloodstained altar of Trog.
  2824 | D:4      | Found an ornate altar of the Wu Jian Council.
  2824 | D:4      | Found a shimmering altar of Xom.
  2825 | D:4      | Found a hide-covered altar of Uskayaw.
  2983 | D:4      | Noticed Natasha
  2986 | D:4      | Killed Natasha
  3148 | D:4      | Reached skill level 5 in Unarmed Combat
  3148 | D:4      | Reached XP level 7. HP: 29/43 MP: 7/7
  3266 | D:5      | Entered Level 5 of the Dungeon
  3334 | D:5      | Reached skill level 5 in Shapeshifting
  3393 | D:5      | Reached skill level 5 in Dodging
  3730 | D:5      | Reached XP level 8. HP: 48/48 MP: 8/8
  3754 | D:5      | Found a shadowy altar of Dithmenos.
  3896 | D:5      | HP: 12/48 [iguana (8)]
  4251 | D:5      | Reached skill level 6 in Unarmed Combat
  4686 | D:6      | HP: 7/48 [gnoll/+0 spear[a gnoll sergeant] (6)]
  4687 | D:6      | HP: 1/72 [gnoll sergeant/+0 spear (10)]
  4689 | D:6      | Reached skill level 6 in Dodging
  4689 | D:6      | Reached skill level 6 in Shapeshifting
  4692 | D:6      | HP: 17/72 [gnoll/+0 spear[a gnoll sergeant] (4)]
  4699 | D:6      | HP: 18/72 [gnoll/+0 whip[a gnoll sergeant] (1)]
  4942 | D:6      | Reached * piety under Ashenzari
  5138 | D:6      | Reached skill level 1 in Stealth
  5271 | D:6      | Identified the +1 sling of Past Mistakes {drain, *Slow rC+
                  | Will++ Str+4}
  5288 | D:6      | Reached skill level 2 in Stealth
  5464 | D:6      | Found a stormy altar of Qazlal.
  5836 | D:7      | Found a staircase to the Ecumenical Temple.
  5879 | D:7      | Reached skill level 3 in Stealth
  5879 | D:7      | Reached XP level 9. HP: 43/53 MP: 9/9
  5923 | D:7      | Reached skill level 7 in Unarmed Combat
  6069 | D:7      | Reached skill level 4 in Stealth
  6252 | D:7      | Reached skill level 7 in Dodging
  6353 | D:7      | Reached ** piety under Ashenzari
  6602 | D:7      | Found a shimmering blue altar of Sif Muna.
  6613 | D:7      | Found a radiant altar of Vehumet.
  6666 | D:7      | Found a burning altar of Makhleb.
  6689 | D:7      | Found a sparkling altar of Nemelex Xobeh.
  6689 | D:7      | Found a transporter.
  6699 | D:7      | Reached skill level 5 in Stealth
  6699 | D:7      | Reached skill level 7 in Shapeshifting
  6920 | D:8      | Found a white marble altar of Elyvilon.
  6929 | D:8      | Reached skill level 6 in Stealth
  7074 | D:8      | Reached skill level 8 in Unarmed Combat
  7090 | D:8      | Reached skill level 8 in Dodging
  7090 | D:8      | Reached skill level 7 in Stealth
  7090 | D:8      | Reached XP level 10. HP: 24/60 MP: 10/10
  7212 | D:8      | Found a hazy altar of Hepliaklqana.
  7498 | D:8      | Found a blossoming altar of Fedhas.
  7661 | D:8      | Found an opulent altar of Gozag.
  7878 | D:8      | You fall into a shaft and drop 2 floors!
  7878 | D:10     | Entered Level 10 of the Dungeon
  7931 | D:9      | Reached skill level 8 in Stealth
  8125 | D:9      | Noticed a two-headed ogre
  8133 | D:9      | Killed a two-headed ogre
  8134 | D:9      | Reached skill level 9 in Unarmed Combat
  8388 | D:9      | Reached skill level 9 in Dodging
  8388 | D:9      | Reached skill level 9 in Stealth
  8549 | D:9      | Found a staircase to the Orcish Mines.
  8687 | D:9      | Found a runed translucent door.
  8850 | D:9      | Found a runed translucent door.
  9077 | D:10     | Noticed Lodul
  9235 | D:10     | You pick up a book of Misfortune and begin reading...
  9235 | D:10     | You add the spells Inner Flame, Yara's Violent Unravelling
                  | and Enfeeble to your library.
  9309 | D:10     | Reached skill level 2 in Fighting
  9338 | D:10     | Noticed Gastronok
  9361 | D:10     | HP: 12/63 [Gastronok/the air (24)]
  9363 | D:10     | Killed Gastronok
  9364 | D:10     | Reached skill level 3 in Fighting
  9364 | D:10     | Reached skill level 10 in Stealth
  9364 | D:10     | Reached XP level 11. HP: 7/70 MP: 11/11
  9652 | D:10     | Killed Lodul
  9653 | D:10     | Reached skill level 4 in Fighting
  9653 | D:10     | Reached skill level 10 in Dodging
  9653 | D:10     | Reached skill level 11 in Stealth
  9703 | D:10     | Noticed a two-headed ogre
  9707 | D:10     | HP: 15/72 [two-headed ogre/+0 giant club (24)]
  9712 | D:10     | Killed a two-headed ogre
 10003 | D:10     | Noticed a brown ugly thing
 10309 | D:8      | You add the spells Ozocubu's Armour and Ozocubu's
                  | Refrigeration to your library.
 10848 | D:10     | Found a portal to a secret trove of treasure.
 11021 | D:10     | Noticed Grum
 11048 | D:10     | Killed Grum
 11103 | D:10     | Reached skill level 5 in Fighting
 11303 | D:10     | Killed a cyan ugly thing
 11662 | D:11     | Noticed a two-headed ogre
 11671 | D:11     | Killed a two-headed ogre
 12196 | D:11     | Found a frozen archway.
 12209 | D:11     | Reached skill level 6 in Fighting
 12221 | IceCv    | Entered an ice cave
 12369 | D:11     | Noticed a boulder beetle
 12388 | D:11     | Killed a boulder beetle
 12389 | D:11     | Reached skill level 11 in Dodging
 12389 | D:11     | Reached XP level 12. HP: 81/81 MP: 12/12
 12603 | D:11     | Found a staircase to the Lair.
 12611 | D:11     | Reached skill level 8 in Shapeshifting
 12872 | D:12     | Noticed a two-headed ogre
 12907 | D:12     | Noticed a two-headed ogre
 12926 | D:12     | Killed a two-headed ogre
 12939 | D:12     | Reached skill level 7 in Fighting
 13093 | D:12     | Killed a two-headed ogre
 13433 | D:12     | Noticed a two-headed ogre
 13441 | D:12     | Killed a two-headed ogre
 13639 | D:12     | Noticed a two-headed ogre
 13653 | D:12     | Killed a two-headed ogre
 13654 | D:12     | Reached skill level 12 in Dodging
 13654 | D:12     | Reached skill level 9 in Shapeshifting
 13995 | D:12     | Noticed a two-headed ogre
 14002 | D:12     | Killed a two-headed ogre
 14003 | D:12     | Reached skill level 8 in Fighting
 14226 | D:13     | Noticed a centaur warrior
 14231 | D:13     | Killed a centaur warrior
 14734 | D:14     | Noticed Rupert
 14734 | D:14     | Noticed a two-headed ogre
 14810 | D:13     | Killed Rupert
 14811 | D:13     | Reached XP level 13. HP: 43/92 MP: 13/13
 15091 | D:13     | Reached skill level 9 in Fighting
 15299 | D:14     | Noticed Roxanne
 15326 | D:14     | HP: 20/92 [Roxanne/crystal spear (72)]
 15802 | D:14     | Reached skill level 10 in Shapeshifting
 15853 | D:14     | Reached skill level 13 in Dodging
 16105 | D:14     | Found a gate to the Vaults.
 16138 | D:14     | Reached *** piety under Ashenzari
 16708 | D:14     | Reached skill level 10 in Fighting
 16746 | D:14     | Reached skill level 10 in Unarmed Combat
 17082 | D:15     | Identified the of Meuwiadgh
 17082 | D:15     | Entered Level 15 of the Dungeon
 17130 | D:14     | Noticed a yaktaur captain
 17130 | D:14     | Noticed a deep elf high priest
 17130 | D:14     | Noticed a vampire knight
 17130 | D:14     | Noticed a sphinx
 17131 | D:14     | HP: 24/96 [sphinx/divine providence (12)]
 17136 | D:15     | HP: 9/96 [centaur warrior/arrow (21)]
 17935 | D:15     | Reached XP level 14. HP: 52/103 MP: 14/14
 18547 | D:15     | Found a staircase to the Depths.
 18954 | Orc:1    | Entered Level 1 of the Orcish Mines
 18977 | Orc:1    | Reached skill level 11 in Fighting
 19017 | Orc:1    | Reached skill level 14 in Dodging
 19532 | D:9      | Reached skill level 11 in Unarmed Combat
 20118 | Orc:1    | Found Ehamoal's Distillery.
 20139 | Orc:1    | Bought a potion of heal wounds for 65 gold pieces
 20139 | Orc:1    | Bought 2 potions of might for 104 gold pieces
 20139 | Orc:1    | Bought a potion of cancellation for 104 gold pieces
 20423 | Orc:1    | Found Varuin's Magic Scroll Emporium.
 20496 | Orc:2    | Entered Level 2 of the Orcish Mines
 20498 | Orc:2    | Found a staircase to the Elven Halls.
 20695 | Orc:2    | Noticed an orc warlord
 20781 | Orc:1    | Killed an orc warlord
 21476 | Orc:2    | HP: 21/106 [orc priest/divine providence (17)]
 21770 | Orc:2    | Paralysed by an orc sorcerer for 3 turns
 21779 | Orc:2    | Noticed an orc warlord
 21780 | Orc:2    | Paralysed by an orc sorcerer for 4 turns
 22066 | Orc:2    | Killed an orc warlord
 22260 | Orc:2    | HP: 25/106 [orc priest/divine providence (13)]
 22264 | Orc:2    | Found Qipnueff's Antique Armour Boutique.
 22279 | Orc:2    | HP: 18/106 [orc warrior/+0 dire flail (7)]
 22535 | Orc:2    | Found Nimupp's Antique Weapon Boutique.
 22537 | Orc:2    | Found Kudy's General Store.
 22537 | Orc:2    | Found Ratoliu's Book Shop.
 22594 | Orc:2    | Noticed Nessos
 22780 | Orc:1    | Bought 2 potions of might for 104 gold pieces
 22780 | Orc:1    | Bought a potion of might for 52 gold pieces
 22780 | Orc:1    | Bought 2 potions of lignification for 78 gold pieces
 22780 | Orc:1    | Bought a potion of curing for 39 gold pieces
 22893 | Lair:1   | Entered Level 1 of the Lair of Beasts
 23004 | Lair:1   | Identified a scroll of acquirement
 23082 | Lair:1   | Noticed Urug
 23091 | Lair:1   | Killed Urug
 23213 | Lair:1   | Reached **** piety under Ashenzari
 23517 | Lair:1   | Reached skill level 12 in Fighting
 24148 | Lair:2   | Reached skill level 12 in Unarmed Combat
 24149 | Lair:2   | magus.rc [v1.9.6]
 24293 | Lair:2   | Found a transporter.
 24294 | Lair:2   | Found a transporter.
 24294 | Lair:2   | Noticed dragonking145's ghost (journeyman GrFi)
 24680 | Lair:2   | You pick up a book of Displacement and begin reading...
 24680 | Lair:2   | You add the spells Lesser Beckoning, Gell's Gravitas and
                  | Teleport Other to your library.
 25260 | Lair:3   | Reached skill level 15 in Dodging
 25263 | Lair:3   | Found a staircase to the Snake Pit.
 25281 | Lair:3   | Reached XP level 15. HP: 92/113 MP: 15/15
 26063 | Lair:3   | Acquired the ring of the Thirteen Bounties {Drain Fly rElec
                  | Dex+2}
 26153 | Lair:3   | HP: 21/113 [something/blast of calcifying dust (11)]
 26159 | Lair:3   | HP: 5/113 [death yak (13)]
 26160 | Lair:3   | Mangled by a death yak

Vanquished Creatures
  Rupert (D:13)
  Gastronok (D:10)
  2 orc warlords
  6 hydras
  A catoblepas (D:14)
  11 two-headed ogres
  4 centaur warriors
  2 boulder beetles
  2 tengu warriors (D:15)
  4 death yaks
  3 orc high priests
  Urug (Lair:1)
  A hell knight (D:15)
  Lodul (D:10)
  An arcanist (D:14)
  5 orc knights
  3 orc sorcerers (Orc:2)
  A manticore (D:11)
  A moth of wrath (shapeshifter) (D:15)
  An elephant (D:11)
  12 ugly things
  2 cyclopes
  4 black mambas
  A gargoyle (D:12)
  An unseen horror (D:11)
  4 cane toads
  2 kobold demonologists (D:14)
  An efreet (D:15)
  2 rime drakes (Lair:2)
  A freezing wraith (D:13)
  5 komodo dragons
  2 tengu conjurers (D:15)
  2 ice devils (D:11)
  8 trolls
  A tarantella (shapeshifter) (D:15)
  A polar bear (Lair:2)
  13 slime creatures
  4 shadows
  3 vampires
  A wraith (D:13)
  4 wyverns
  27 yaks
  Grum (D:10)
  9 vampire mosquitoes
  6 basilisks
  A golden eye (shapeshifter) (D:14)
  A basilisk (shapeshifter) (D:15)
  2 acid dragons
  2 wargs
  18 water moccasins
  3 ice beasts
  26 orc warriors
  13 ogres
  2 centaurs
  3 wolves (D:10)
  2 phantoms
  15 bullfrogs
  A gnoll sergeant (D:6)
  3 scorpions
  4 wights (D:8)
  13 killer bees
  A howler monkey (D:10)
  2 jellies
  2 hounds
  22 orc priests
  Terence (D:2)
  6 iguanas
  Jessica (D:3)
  2 sleepcaps
  Natasha (twice) (D:4)
  18 orc wizards
  5 gnolls (D:6)
  10 adders
  3 shadow imps
  3 white imps
  2 ufetubi (D:5)
  A worm (D:4)
  4 dart slugs
  67 orcs
  7 endoplasms
  3 giant cockroaches
  5 hobgoblins
  5 jackals
  12 kobolds
  6 quokkas
  8 ball pythons
  4 bats
  5 frilled lizards
  13 goblins
  4 rats
502 creatures vanquished.

Vanquished Creatures (others)
  A necrophage (Lair:3)
  An orc wizard (Orc:2)
  An orc (Orc:1)
  A quokka (D:8)
4 creatures vanquished.

Grand Total: 506 creatures vanquished

Table legend:
 A = Non-vault XP
 B = Vault XP
 C = Vault XP percentage of total XP
 D = Non-vault monster count
 E = Vault monster count
 F = Vault count percentage of total count
                 A         B        C        D         E       F
            +---------+---------+-------+---------+---------+-------
      Total |   66784 |   25435 |  27.6 |     390 |     113 |  22.5
            +---------+---------+-------+---------+---------+-------
        D:1 |      39 |       0 |   0.0 |      24 |       0 |   0.0
        D:2 |      45 |      40 |  47.1 |      19 |       1 |   5.0
        D:3 |      78 |      37 |  32.2 |      19 |       1 |   5.0
        D:4 |     421 |      35 |   7.7 |      22 |       1 |   4.3
        D:5 |     655 |     133 |  16.9 |      19 |       1 |   5.0
        D:6 |     769 |       0 |   0.0 |      22 |       0 |   0.0
        D:7 |    1117 |     410 |  26.9 |      22 |       2 |   8.3
        D:8 |    2262 |       0 |   0.0 |      26 |       0 |   0.0
        D:9 |    3973 |    1533 |  27.8 |      20 |       5 |  20.0
       D:10 |    2589 |    3813 |  59.6 |      11 |      15 |  57.7
       D:11 |    1792 |    3455 |  65.8 |       9 |      12 |  57.1
       D:12 |    8210 |       0 |   0.0 |      26 |       0 |   0.0
       D:13 |    4214 |    1834 |  30.3 |      12 |       1 |   7.7
       D:14 |   12454 |     185 |   1.5 |      28 |       1 |   3.4
       D:15 |    8250 |    2209 |  21.1 |      14 |       5 |  26.3
     Lair:1 |    2012 |    1789 |  47.1 |       8 |       8 |  50.0
     Lair:2 |    6676 |     228 |   3.3 |      20 |       2 |   9.1
     Lair:3 |    5784 |    2180 |  27.4 |      19 |       9 |  32.1
      Orc:1 |    2877 |    2689 |  48.3 |      21 |      14 |  40.0
      Orc:2 |    2567 |    4865 |  65.5 |      29 |      35 |  54.7
            +---------+---------+-------+---------+---------+-------

Skill      XL: |  1  2  3  4  5  6  7  8  9 10 11 12 13 14 |
---------------+-------------------------------------------+-----
Dodging        | 3 4 5 6 8 9 11 12 13 15 | 15.1
Unarmed Combat | 4 5 6 8 9 10 12 | 12.4
Shapeshifting  | 4 5 6 7 9 10 | 10.6
Stealth        | 3 7 10 11 | 11.7
Fighting       | 3 6 8 10 12 | 12.5

Action                     |  1- 3 |  4- 6 |  7- 9 | 10-12 | 13-15 || total
---------------------------+-------+-------+-------+-------+-------++-------
  Melee: Unarmed           |    66 |    86 |   217 |   392 |   815 ||  1576
         Constrict         |    11 |    25 |    44 |    47 |   154 ||   281
         Tentacles         |     9 |    16 |    57 |   129 |   273 ||   484
         Punch             |     2 |     3 |     6 |     6 |       ||    17
 Invoke: Curse Item        |       |     1 |     3 |     1 |     2 ||     7
  Evoke: Wand              |       |     2 |       |    15 |    21 ||    38
    Use: Potion            |       |       |     6 |     3 |     3 ||    12
         Scroll            |       |       |       |     3 |    13 ||    16
   Stab: Sleeping          |     8 |    13 |     8 |    13 |    11 ||    53
         Distracted        |       |       |     1 |       |       ||     1
         Invisible         |       |       |       |    16 |       ||    16
 Armour: Skin              |    20 |    28 |    94 |    73 |   256 ||   471
  Dodge: Dodged            |    50 |    34 |   152 |   458 |  1197 ||  1891
   Form: Flux              |       |       |       |     1 |       ||     1

Illustrated notes

Table legend:
 A = Kills in this place as a percentage of kills in the entire game.
 B = Kills by you in this place as a percentage of kills by you in the entire game.
 C = Kills by friends in this place as a percentage of kills by friends in the entire game.
 D = Other kills in this place as a percentage of other kills in the entire game.
 E = Experience gained in this place as a percentage of experience gained in the entire game.
 F = Experience gained in this place divided by the number of levels of this place that you have seen.
                   A       B       C       D       E      F
               +-------+-------+-------+-------+-------+----------------------
         Total | 100.0 | 100.0 |   N/A | 100.0 | 100.0 | 4391.4
       Dungeon |  67.2 |  67.3 |   N/A |   0.0 |  65.7 | 4036.8
          Lair |  13.1 |  12.9 |   N/A | 100.0 |  20.2 | 6223.0
  Orcish Mines |  19.7 |  19.7 |   N/A |   0.0 |  14.1 | 6499.0
               +-------+-------+-------+-------+-------+----------------------

Table legend: (Time is in decaauts)
 A = Elapsed time spent in this place.
 B = Non-inter-level travel time spent in this place.
 C = Inter-level travel time spent in this place.
 D = Time resting spent in this place.
 E = Time spent auto-exploring this place.
 F = Levels seen in this place.
 G = Mean time per level.
                   A        B        C        D        E       F      G
               +--------+--------+--------+--------+--------+-----+--------+
         Total |  25843 |  24626 |   1217 |   2639 |  17927 |  21 | 1230.6 |
       Dungeon |  19468 |  18384 |   1084 |   1781 |  13872 |  15 | 1297.9 |
          Lair |   3201 |   3169 |     32 |      0 |   2644 |   3 | 1067.0 |
  Orcish Mines |   3065 |   2964 |    101 |    771 |   1404 |   2 | 1532.5 |
      Ice Cave |    107 |    107 |      0 |     87 |      7 |   1 |  107.0 |
               +--------+--------+--------+--------+--------+-----+--------+

Top non-repeatable levels by time:
     D:9: 2191 daAuts
   Orc:2: 1830 daAuts
    D:10: 1807 daAuts
    D:15: 1720 daAuts
    D:14: 1661 daAuts
     D:8: 1524 daAuts
    D:13: 1369 daAuts
     D:6: 1270 daAuts
   Orc:1: 1235 daAuts
    D:11: 1225 daAuts
     D:5: 1203 daAuts
    D:12: 1185 daAuts
  Lair:1: 1145 daAuts
     D:7: 1055 daAuts
  Lair:2: 1037 daAuts
